Map: 瀑布

Players

Jieshi

  • Race: Protoss Protoss
  • Spawn Location: 7:00

Scarlett - Winner!

  • Race: Zerg Zerg
  • Spawn Location: 1:00

Event: DreamHack SC2 Masters 2022 Atlanta (Offline)

VOD

Have the link to the VOD?

Description

Time

  • Played on: Nov. 18, 2022, 2:58 p.m.
  • Length: 6:51

All games in this series

Show
View Real Time Build Order
Export as new Build Order

Jieshi Protoss 

Build Orders: 1 Gate Expand, Mass Adepts 

Get SALT Encoding   

  12  0:00  Probe  
  13  0:12  Probe  
  14  0:17  Pylon  
  14  0:24  Probe (Chrono Boost)  
  15  0:37  Probe (Chrono Boost)  
  15  0:38  Gateway  
  16  0:44  Probe (Chrono Boost)  
  17  0:50  Assimilator  
  17  0:51  Probe  
  18  1:03  Probe  
  19  1:15  Probe  
  20  1:26  Nexus  
  20  1:35  Cybernetics Core  
  20  1:38  Probe  
  21  1:45  Pylon  
  21  1:50  Probe (Chrono Boost)  
  21  1:53  Assimilator  
  23  2:02  Probe (Chrono Boost)  
  23  2:07  Probe (Chrono Boost)  
  24  2:12  Adept, Warp Gate  
  26  2:16  Probe  
  26  2:21  Twilight Council  
  27  2:29  Probe (Chrono Boost)  
  27  2:38  Probe (Chrono Boost)  
  27  2:42  Adept  
  31  2:46  Probe (Chrono Boost)  
  31  2:48  Probe (Chrono Boost)  
  32  2:54  Resonating Glaives (Chrono Boost), Probe (Chrono Boost)  
  32  2:58  Probe (Chrono Boost)  
  34  3:01  Probe (Chrono Boost)  
  34  3:02  Gateway  
  35  3:06  Gateway  
  35  3:09  Probe  
  35  3:10  Probe  
  37  3:15  Adept  
  39  3:21  Probe  
  39  3:22  Probe  
  39  3:26  Pylon  
  41  3:33  Probe  
  42  3:34  Pylon  
  42  3:35  Probe  
  43  3:44  Nexus  
  43  3:51  Probe  
  43  3:56  Probe  
  43  4:00  Adept  
  43  4:01  Adept x2  
  43  4:02  Pylon  
  50  4:07  Probe  
  50  4:08  Probe  
  52  4:14  Charge (Chrono Boost)  
  52  4:21  Adept x3  
  58  4:31  Probe x2  
  60  4:41  Adept x2  
  60  4:42  Adept  
  66  4:49  Shield Battery  
  66  4:50  Probe x2, Forge  
  67  4:57  Probe  
  67  5:02  Gateway, Probe x2  
  67  5:06  Sentry  
  71  5:07  Sentry  
  71  5:08  Gateway  
  71  5:09  Probe  
  71  5:11  Shield Battery  
  74  5:21  Probe  
  74  5:23  Gateway  
  74  5:25  Pylon  
  74  5:27  Gateway  
  75  5:29  Gateway  
  75  5:31  Probe  
  75  5:33  Probe  
  78  5:37  Zealot x2  
  78  5:39  Zealot  
  69  5:45  Probe  
  70  5:50  Probe, Pylon  
  71  6:00  Zealot x2  
  71  6:01  Zealot  
  71  6:03  Zealot, Sentry  
  73  6:14  Pylon  
  71  6:19  Zealot  
  71  6:21  Zealot x3  
  71  6:23  Zealot  
  71  6:24  Zealot x2  
  73  6:31  Zealot  
  49  6:40  Zealot  
  49  6:41  Zealot x3  
  49  6:46  Zealot  
  49  6:47  Zealot x2  
Show
View Real Time Build Order
Export as new Build Order

Scarlett Zerg - Winner!

Build Orders: Hatch First 

Get SALT Encoding   

  12  0:00  Drone  
  13  0:12  Overlord  
  13  0:16  Drone  
  14  0:30  Drone  
  15  0:44  Hatchery  
  15  0:47  Drone  
  15  0:51  Drone  
  15  0:55  Drone  
  17  0:59  Drone  
  18  1:10  Extractor  
  17  1:13  Spawning Pool  
  17  1:18  Drone  
  17  1:21  Drone  
  18  1:30  Drone  
  19  1:40  Drone  
  20  1:52  Drone  
  21  1:57  Drone  
  21  2:00  Queen x2  
  26  2:02  Overlord  
  26  2:06  Zergling x2  
  27  2:14  Drone  
  27  2:15  Metabolic Boost  
  28  2:24  Drone x2  
  30  2:33  Hatchery  
  29  2:43  Queen  
  31  2:44  Drone  
  31  2:48  Overlord  
  31  2:50  Zergling x2  
  33  2:52  Zergling x2  
  33  2:59  Drone  
  33  3:00  Drone  
  35  3:08  Drone  
  35  3:09  Drone x3  
  35  3:11  Queen  
  41  3:17  Drone  
  42  3:20  Queen  
  42  3:24  Overlord  
  44  3:32  Overlord  
  44  3:43  Drone x6  
  44  3:44  Roach Warren  
  49  3:51  Zergling x6  
  51  3:58  Drone x3  
  51  3:59  Extractor  
  51  4:00  Extractor, Overlord  
  52  4:03  Zergling x2  
  52  4:06  Zergling x2  
  54  4:10  Zergling x4  
  54  4:15  Zergling x6  
  59  4:18  Lair, Zergling x2  
  60  4:26  Drone  
  60  4:27  Drone  
  60  4:28  Drone  
  60  4:29  Roach  
  65  4:33  Roach x2  
  69  4:40  Roach x2  
  69  4:42  Overlord  
  73  4:47  Overlord  
  73  4:53  Overlord  
  73  4:56  Overlord  
  73  5:00  Roach x3  
  73  5:04  Overlord  
  73  5:05  Roach  
  81  5:10  Zergling x6  
  84  5:14  Zergling x6  
  84  5:17  Overseer  
  84  5:19  Ravager x2  
  84  5:20  Ravager  
  90  5:25  Zergling x8  
  94  5:36  Zergling x2  
  94  5:38  Ravager  
  94  5:40  Zergling x14  
  93  5:44  Ravager  
  93  5:45  Zergling x4  
  93  5:47  Ravager  
  96  5:52  Zergling x4  
  97  6:02  Zergling x16  
  97  6:03  Ravager  
  103  6:08  Baneling Nest  
  98  6:12  Zergling x8  
  98  6:15  Ravager  
  98  6:18  Zergling x4  
  105  6:21  Zergling x2  
  98  6:27  Zergling x12  
Tags
 
Add a new tag
Caveats
  • Supply blocks, unpowered buildings, or Contaminate may cause inaccurate times.
  • Supply counts are checked every 10 seconds.